 Dungeon Crawl Stone Soup version 0.26-a0-695-g987792ac36 (webtiles) character file.

Game seed: 12701937555600636622

10166 marklar909 the Cleaver (level 11, -17/145 HPs)
             Began as a Hill Orc Monk on Oct 25, 2020.
             Was an Elder of Qazlal.
             Demolished by a cyclops (18 damage)
             ... on level 13 of the Dungeon.
             The game lasted 00:29:33 (18142 turns).

marklar909 the Cleaver (Hill Orc Monk)             Turns: 18142, Time: 00:29:33

Health: -17/145    AC: 25    Str: 18    XL:     11   Next: 57%
Magic:  0/13       EV:  2    Int: 10    God:    Qazlal [****..]
Gold:   839        SH: 15    Dex: 13    Spells: 10/13 levels left

rFire    . . .     SeeInvis .   u - +1 war axe (flame)
rCold    . . .     Faith    .   m - +0 kite shield
rNeg     + + +     Spirit   +   (armour currently unavailable)
rPois    +         Reflect  .   (helmet currently unavailable)
rElec    .         Harm     .   (cloak currently unavailable)
rCorr    .         Rampage  .   (gloves currently unavailable)
MR       .....     NoTele   +   (boots currently unavailable)
Stlth    +.........             o - amulet of guardian spirit
HPRegen  0.34/turn              y - ring of positive energy
MPRegen  0.13/turn              (no ring)

@: tree-form, repel missiles
A: no striking features
a: Upheaval, Elemental Force, Renounce Religion


You were on level 13 of the Dungeon.
You worshipped Qazlal.
Qazlal was greatly pleased with you.
You were a tree.
You visited 2 branches of the dungeon, and saw 14 of its levels.

You collected 839 gold pieces.

Inventory:

Hand Weapons
 u - a +1 war axe of flaming (weapon)
Missiles
 i - 126 bolts
Armour
 c - a +0 cloak (melded)
 m - a +0 kite shield (worn)
 n - a +0 pair of gloves (melded)
 p - a +0 scale mail (melded)
 s - a +0 helmet (melded)
 G - a +4 chain mail
Jewellery
 l - a cursed ring of teleportation {unknown}
 o - an amulet of guardian spirit (around neck)
 y - a ring of positive energy (left branch)
 E - an uncursed ring of magical power {unknown}
Wands
 k - a wand of iceblast (16)
 w - a wand of flame (18)
 B - a wand of random effects (18)
 F - a wand of paralysis (5)
Scrolls
 b - a scroll of blinking
 e - 5 scrolls of teleportation
 q - 2 scrolls of identify
 r - 2 scrolls of enchant weapon
 t - a scroll of magic mapping
 v - a scroll of enchant armour {unknown}
 z - a scroll of remove curse
 A - a scroll of acquirement {unknown}
 C - a scroll of amnesia
 H - a scroll of noise {unknown}
Potions
 a - a potion of brilliance
 d - 6 potions of lignification
 f - 3 potions of stabbing
 g - 2 potions of might
 j - 2 potions of curing
 x - a potion of haste
 D - a potion of resistance {unknown}


   Skills:
 + Level 9.1 Fighting
 + Level 13.3 Axes
 + Level 8.3 Armour
 + Level 4.6 Dodging
 + Level 3.1 Stealth
 + Level 7.2 Shields
 * Level 1.8 Spellcasting
 * Level 2.3 Conjurations
 * Level 3.2 Earth Magic
 + Level 3.3 Invocations


You had 10 spell levels left.
You knew the following spells:

 Your Spells              Type           Power        Failure   Level
b - Stone Arrow           Conj/Erth      #.....       63%         3

Your spell library contained the following spells:

 Spells                   Type           Power        Failure   Level
 Sandblast                Erth           #.....       22%         1
 Magic Dart               Conj           #...         32%         1
 Searing Ray              Conj           #.....       45%         2
 Passwall                 Tmut/Erth      #.......     54%         2
 Summon Small Mammal      Summ           #...         65%         1
 Call Imp                 Summ           #.......     78%         2
 Dazzling Flash           Conj/Hex       #.....       85%         3
 Call Canine Familiar     Summ           #.......     95%         3
 Summon Guardian Golem    Hex/Summ       #.......     95%         3
 Fulminant Prism          Conj/Hex       #.........   99%         4
 Iskenderun's Mystic Bla  Conj/Tloc      #.......     99%         4
 Petrify                  Tmut/Erth      #.......     99%         4
 Lee's Rapid Deconstruct  Erth           #.........   99%         5
 Summon Ice Beast         Ice/Summ       #.......     100%        4
 Summon Lightning Spire   Summ/Air       #.......     100%        4


Dungeon Overview and Level Annotations

Branches:
Dungeon (13/15)            Temple (1/1) D:5
   Lair: D:8-11         Orc: D:9-12      Vaults: D:13-14

Altars:
Elyvilon
Qazlal
Ru
Sif Muna
Uskayaw
Wu Jian
Xom
Yredelemnul
Zin

Shops:
D:9 =

Annotations:
D:4 2 transporters, JolietJake's ghost, amateur HOMo
D:12 Rupert


Message History

The manticore is lightly wounded.
You hit the centaur warrior zombie. You burn the centaur warrior zombie.
You slash the kobold! You burn the kobold.
You kill the kobold!
Qazlal accepts your kill.
You slash the cyclops! You burn the cyclops.
You barely miss the slime creature. You hit the hornet. You burn the hornet.
You closely miss the kobold.
The centaur warrior zombie is engulfed in freezing vapours.
The centaur warrior zombie hits you but does no damage.
You block the hornet's attack.
The manticore is engulfed in blazing flames.
The manticore bites you.
* * * LOW HITPOINT WARNING * * *
You block the manticore's attack.
The manticore claws you but does no damage.
A purple ugly thing comes into view.
The worker ant waves its antennae.
The cyclops hits you!!
You die...

#u.. .#
#.K##..#. ..
#...#....
..#####K.......
...............
.......K>......
#...)HZ○.....
###..K♣)......
#...JyJCB####.
#...°YJ.§#
#........##
####<....B#
#.(#.......
........##.?....
#..C....# ...$..
##....... .....#


You could see a purple ugly thing, 3 slime creatures, a manticore, a cyclops, a
hornet, a sky beast, a big kobold, 2 worker ants, a centaur warrior zombie and 3
kobolds.

Vanquished Creatures
  A centaur warrior (D:9)
  2 two-headed ogres
  Pikel (D:5)
  2 manticores
  An ugly thing (D:12)
  Sigmund (D:3)
  5 yaks (D:9)
  3 vampire mosquitoes (D:10)
  Menkaure (D:5)
  2 orc warriors
  3 sky beasts
  8 ogres
  5 ice beasts
  2 necrophages
  2 phantoms
  3 centaurs
  A lemure (D:5)
  7 bullfrogs
  2 big kobolds
  2 gnoll sergeants
  7 scorpions
  6 wights
  5 howler monkeys
  3 jellies
  3 hounds
  A quasit (D:10)
  6 orc priests
  3 bullfrog skeletons
  8 orc wizards
  A centaur skeleton (D:6)
  Jessica (D:2)
  4 iguanas
  12 worker ants
  A hound skeleton (D:4)
  4 worker ant zombies
  12 gnolls
  11 adders
  A shadow imp (D:6)
  2 white imps
  3 ufetubi
  An adder skeleton (D:9)
  An adder zombie (D:9)
  A worm (D:3)
  2 dart slugs
  7 leopard geckos
  22 orcs
  7 bats
  A giant cockroach (D:3)
  10 goblins
  13 hobgoblins
  5 jackals (D:2)
  5 quokkas
  6 frilled lizards
  A jackal skeleton (D:5)
  27 kobolds
  6 rats
263 creatures vanquished.

Vanquished Creatures (others)
  An orc (D:5)
1 creature vanquished.

Grand Total: 264 creatures vanquished

Notes
Turn   | Place    | Note
-------+----------+-------------------------------------------
     0 | D:1      | marklar909 the Hill Orc Monk began the quest for the Orb.
     0 | D:1      | Reached XP level 1. HP: 19/19 MP: 1/1
   236 | D:1      | Reached XP level 2. HP: 27/27 MP: 2/2
   885 | D:1      | Reached XP level 3. HP: 28/33 MP: 3/3
  1420 | D:2      | Noticed Jessica
  1434 | D:2      | Killed Jessica
  1434 | D:2      | Reached skill level 5 in Axes
  1513 | D:2      | Reached XP level 4. HP: 25/40 MP: 4/4
  2222 | D:2      | Reached skill level 1 in Armour
  2228 | D:2      | You fall into a shaft and drop 2 floors!
  2240 | D:4      | Reached XP level 5. HP: 6/47 MP: 5/5
  2541 | D:4      | Learned a level 1 spell: Sandblast
  2545 | D:4      | Learned a level 3 spell: Stone Arrow
  3195 | D:3      | Found a white marble altar of Elyvilon.
  3295 | D:3      | Reached skill level 6 in Axes
  4124 | D:3      | You fall into a shaft and drop 2 floors!
  4124 | D:5      | Entered Level 5 of the Dungeon
  4135 | D:5      | Found a staircase to the Ecumenical Temple.
  4202 | D:5      | Reached XP level 6. HP: 8/53 MP: 6/6
  4213 | D:5      | HP: 3/79 [bullfrog skeleton (1)]
  4786 | D:4      | Noticed a phantom
  5144 | D:3      | Noticed Sigmund
  5831 | D:3      | Killed Sigmund
  5831 | D:3      | Reached skill level 5 in Fighting
  5831 | D:3      | Reached skill level 7 in Axes
  5831 | D:3      | Reached XP level 7. HP: 31/61 MP: 7/7
  6256 | D:4      | HP: 2/61 [orc wizard/magic dart (7)]
  8244 | D:3      | Reached skill level 8 in Axes
  8244 | D:3      | Reached XP level 8. HP: 22/69 MP: 8/8
  8984 | D:4      | Reached skill level 5 in Armour
  9370 | D:4      | Reached skill level 9 in Axes
  9518 | D:4      | Noticed JolietJake's ghost (amateur HOMo)
  9519 | D:4      | Found a transporter.
  9531 | D:4      | Found a transporter.
 10267 | D:5      | Noticed Pikel
 10322 | D:5      | Killed Pikel
 10322 | D:5      | Reached XP level 9. HP: 18/78 MP: 9/9
 10588 | D:5      | Reached skill level 10 in Axes
 11306 | D:5      | Noticed Menkaure
 11320 | D:5      | HP: 2/78 [Menkaure (18)]
 11324 | D:5      | Killed Menkaure
 12371 | Temple   | Entered the Ecumenical Temple
 12405 | Temple   | Became a worshipper of Qazlal Stormbringer
 12405 | Temple   | Reached * piety under Qazlal
 12405 | Temple   | Reached ** piety under Qazlal
 12967 | D:6      | Found a basalt altar of Yredelemnul.
 13852 | D:7      | Reached skill level 11 in Axes
 14301 | D:7      | Reached skill level 5 in Shields
 14301 | D:7      | Reached XP level 10. HP: 58/85 MP: 10/10
 14315 | D:7      | Reached *** piety under Qazlal
 16292 | D:9      | Found Niuhoats's Jewellery Shoppe.
 16381 | D:9      | Noticed a centaur warrior
 16397 | D:9      | Killed a centaur warrior
 16397 | D:9      | Reached skill level 12 in Axes
 16509 | D:9      | Reached skill level 1 in Invocations
 16583 | D:9      | Reached **** piety under Qazlal
 16589 | D:9      | Reached skill level 1 in Earth Magic
 16724 | D:9      | Found a white marble altar of Elyvilon.
 16759 | D:9      | Reached XP level 11. HP: 89/94 MP: 12/12
 16778 | D:9      | Found a glowing silver altar of Zin.
 16912 | D:9      | Noticed a manticore
 16923 | D:9      | Killed a manticore
 17176 | D:9      | Found a hide-covered altar of Uskayaw.
 17179 | D:9      | Found a shimmering blue altar of Sif Muna.
 17294 | D:10     | Entered Level 10 of the Dungeon
 17300 | D:10     | Noticed a two-headed ogre
 17314 | D:10     | Killed a two-headed ogre
 17314 | D:10     | Reached skill level 13 in Axes
 17314 | D:10     | Reached skill level 1 in Conjurations
 17528 | D:10     | Reached skill level 1 in Spellcasting
 18029 | D:11     | Noticed a manticore
 18034 | D:11     | Killed a manticore
 18092 | D:11     | You fall into a shaft and drop 1 floor!
 18092 | D:12     | Noticed a cyclops
 18092 | D:12     | Noticed a two-headed ogre
 18096 | D:12     | Noticed a white ugly thing
 18105 | D:12     | Killed a two-headed ogre
 18111 | D:12     | Killed a white ugly thing
 18122 | D:12     | Noticed Rupert
 18126 | D:13     | Noticed a sphinx
 18128 | D:13     | Noticed a cyclops
 18131 | D:13     | Noticed a manticore
 18139 | D:13     | HP: 6/145 [manticore (8)]
 18141 | D:13     | HP: 2/145 [manticore (5)]
 18142 | D:13     | Noticed a purple ugly thing
 18142 | D:13     | Demolished by a cyclops

Illustrated notes

Levels and vault maps discovered:
D:1:      ncdulo_wetmaze, layout_basic, minmay_split_cup_small
D:2:      minmay_chambers_of_ones, layout_loops_ring, uniq_jessica
D:3:      layout_loops_corners, overflow_temple_1_default, uniq_sigmund
D:4:      layout_loops_ring, gammafunk_ghost_arena, minmay_crystal_water
D:5:      layout_basic, minmay_temple_entry_junction_2, grunt_tough_drop,
          uniq_pikel, uniq_menkaure
D:6:      layout_basic, kennysheep_little_box, minmay_misc_feat_secret_circle
D:7:      layout_loops_corners
D:8:      layout_basic, lemuel_another_geyser
D:9:      layout_gridville, minitemple, serial_shops, shop,
          hangedman_feature_mirror, minmay_misc_feat_iff
D:10:     layout_small_grid
D:11:     layout_roguey [special_room_bee], lair_entry_dummy, hiddenorc1_lemuel,
          serial_shops, shop, shop, shop_statue
D:12:     layout_basic, minivault_4, amethyst_killhole, uniq_frances,
          uniq_rupert
D:13:     layout_cave_pools, skrybe_vaults_entry_preservation,
          minmay_diamond_spiral, uniq_josephine
Temple:   dpeg_five_rooms_temple

Skill      XL: |  1  2  3  4  5  6  7  8  9 10 11 |
---------------+----------------------------------+-----
Fighting       | 4 5 6 7 8 9 |  9.1
Axes           | 5 6 7 8 9 11 12 13 | 13.3
Stealth        | 2 3 |  3.1
Dodging        | 3 4 |  4.6
Armour         | 1 3 4 6 7 8 |  8.3
Shields        | 2 5 6 7 |  7.2
Invocations    | 2 3 |  3.3
Earth Magic    | 2 3 |  3.2
Conjurations   | 2 |  2.3
Spellcasting   | 1 |  1.8

Action                   |  1- 3 |  4- 6 |  7- 9 | 10-12 || total
-------------------------+-------+-------+-------+-------++-------
Melee: Hand axe          |    82 |   271 |   535 |       ||   888
       War axe           |       |       |   137 |   322 ||   459
Invok: Upheaval          |       |       |       |     1 ||     1
  Use: Scroll            |       |     5 |     1 |    14 ||    20
       Potion            |       |     2 |     3 |     6 ||    11
 Stab: Sleeping          |     3 |     9 |     1 |       ||    13
Armor: Robe              |     9 |       |       |       ||     9
       Leather armour    |     7 |    12 |       |       ||    19
       Ring mail         |       |    25 |    78 |       ||   103
       Skin              |       |    26 |       |    14 ||    40
       Scale mail        |       |       |   105 |    72 ||   177
Dodge: Dodged            |    61 |   144 |   230 |   115 ||   550
Block: Kite shield       |       |       |   111 |   243 ||   354

Table legend: (Time is in decaauts)
 A = Elapsed time spent in this place.
 B = Non-inter-level travel time spent in this place.
 C = Inter-level travel time spent in this place.
 D = Time resting spent in this place.
 E = Time spent auto-exploring this place.
 F = Levels seen in this place.
 G = Mean time per level.
                   A        B        C        D        E       F      G
               +--------+--------+--------+--------+--------+-----+--------+
         Total |  18100 |  17360 |    740 |   5871 |   8599 |  14 | 1292.9 |
       Dungeon |  18036 |  17328 |    708 |   5871 |   8570 |  13 | 1387.4 |
        Temple |     63 |     31 |     32 |      0 |     29 |   1 |   63.0 |
               +--------+--------+--------+--------+--------+-----+--------+

Top non-repeatable levels by time:
     D:4: 3430 daAuts
     D:3: 3215 daAuts
     D:5: 2289 daAuts
     D:1: 1888 daAuts
     D:2: 1839 daAuts
     D:7: 1423 daAuts
     D:6: 1170 daAuts
     D:9: 1009 daAuts
     D:8: 930 daAuts
    D:10: 728 daAuts
  Temple: 63 daAuts
    D:11: 61 daAuts
    D:12: 32 daAuts
    D:13: 17 daAuts
